General information
- name: BNet
- type: Ladder team game (AT/RT)
- host: Battle.net
- saver: LoveHateLove
map: Mur'gulOasis
- players: 8
- length: 44:29
- speed: Fast
- version: 1.26 W3XP
- replay type: Public
» download(327 KB)
Players
team 1 (winner)

»
Oshlt (
blue | 49 APM | 1451 actions | 29:49)
6 Paladin
1 Holy Light
2 Devotion Aura
2 Divine Shield
1 Resurrection
3 Mountain King
2 Storm Bolt
1 Bash
» actions
| Basic commands | 95 | |
| Build / train | 89 | |
| Enter build submenu | 24 | |
| Enter hero's abilities submenu | 11 | |
| Give item / drop item | 1 | |
| Right click | 787 | |
| Select / deselect | 305 | |
| Use ability | 139 | |
1451 total
» units
| Peasant | 8 | |
| Rifleman | 16 | |
| Mortar Team | 14 | |
| Siege Engine | 1 | |
39 total
» upgrades
| Gunpowder | 3 | |
| Armor | 2 | |
| Long Rifles | 1 | |
| Lumber Harvesting | 1 | |
| Fragmentation Shards | 1 | |
| Barrage | 1 | |
9 total
» buildings
| Altar of Kings | 1 | |
| Farm | 11 | |
| Barracks | 2 | |
| Lumber Mill | 1 | |
| Blacksmith | 1 | |
| Arcane Vault | 1 | |
| Keep | 2 | |
| Workshop | 2 | |
| Scout Tower | 1 | |
| Arcane Tower | 1 | |
| Castle | 2 | |
25 total
» build order
00:21 Altar of Kings
00:22 Farm
00:58 Barracks
01:00 Farm
02:00 Lumber Mill
02:17 Blacksmith
02:45 Arcane Vault
03:02 Barracks
03:10 Farm
03:58 Farm
04:43 Farm
05:21 Keep
05:22 Keep
08:45 Workshop
08:48 Workshop
08:54 Scout Tower
08:58 Farm
09:13 Farm
10:04 Arcane Tower
11:41 Castle
11:45 Farm
11:49 Farm
13:21 Farm
13:22 Farm
» items
| Scroll of Regeneration | 6 | |
| Lesser Clarity Potion | 3 | |
| Scroll of Town Portal | 2 | |
| Potion of Lesser Invulnerability | 2 | |
| Scroll of Protection | 1 | |
14 total

»
SujiroKifuja (
teal | 108 APM | 2794 actions | 25:50)
5 Demon Hunter
3 Mana Burn
2 Evasion
» actions
| Assign group hotkey | 105 | |
| Basic commands | 203 | |
| Build / train | 72 | |
| ESC pressed | 4 | |
| Enter build submenu | 18 | |
| Enter hero's abilities submenu | 5 | |
| Right click | 569 | |
| Select / deselect | 218 | |
| Select group hotkey | 1352 | |
| Use ability | 248 | |
2794 total
» units
| Wisp | 25 | |
| Huntress | 9 | |
| Dryad | 12 | |
| Druid of the Claw | 5 | |
| Hippogryph | 5 | |
56 total
» upgrades
| Abolish Magic | 3 | |
| Druid of the Claw Training | 2 | |
| Mark of the Claw | 1 | |
| Ultravision | 1 | |
7 total
» buildings
| Altar of Elders | 1 | |
| Moon Well | 7 | |
| Hunter's Hall | 1 | |
| Ancient of War | 2 | |
| Tree of Ages | 1 | |
| Ancient Protector | 1 | |
| Ancient of Lore | 5 | |
| Ancient of Wind | 2 | |
| Tree of Eternity | 1 | |
| Ancient of Wonders | 1 | |
22 total
» build order
00:22 Altar of Elders
00:23 Moon Well
01:24 Hunter's Hall
01:50 Ancient of War
02:18 Moon Well
02:34 Ancient of War
03:16 Moon Well
04:28 Tree of Ages
05:11 Ancient Protector
06:07 Moon Well
08:02 Ancient of Lore
08:03 Ancient of Lore
08:05 Ancient of Lore
11:27 Ancient of Wind
11:28 Ancient of Wind
12:40 Tree of Eternity
12:43 Ancient of Wonders
17:09 Ancient of Lore
17:09 Ancient of Lore
18:32 Moon Well
18:35 Moon Well
20:34 Moon Well
WoX (
orange | 57 APM | 807 actions | 14:16)
3 Demon Hunter
2 Mana Burn
1 Evasion
» actions
| Build / train | 27 | |
| Enter build submenu | 10 | |
| Enter hero's abilities submenu | 3 | |
| Right click | 424 | |
| Select / deselect | 315 | |
| Use ability | 28 | |
807 total
» units
» upgrades
| Strength of the Moon | 1 | |
| Moon Armor | 1 | |
| Ultravision | 1 | |
3 total
» buildings
| Moon Well | 4 | |
| Altar of Elders | 1 | |
| Ancient of War | 2 | |
| Hunter's Hall | 1 | |
| Tree of Ages | 1 | |
9 total
» build order
00:09 Moon Well
00:11 Altar of Elders
01:30 Ancient of War
01:54 Moon Well
02:09 Hunter's Hall
02:55 Ancient of War
03:39 Moon Well
06:48 Moon Well
07:56 Tree of Ages
LoveHateLove (
green | 72 APM | 3184 actions | 44:29)
7 Blood Mage
3 Flame Strike
2 Siphon Mana
1 Summon Phoenix
1 Banish
1 Paladin
1 Holy Light
» actions
| Assign group hotkey | 578 | |
| Basic commands | 66 | |
| Build / train | 95 | |
| Enter build submenu | 28 | |
| Enter hero's abilities submenu | 8 | |
| Give item / drop item | 1 | |
| Right click | 1645 | |
| Select / deselect | 408 | |
| Select group hotkey | 259 | |
| Use ability | 96 | |
3184 total
» units
| Peasant | 10 | |
| Footman | 8 | |
| Gryphon Rider | 10 | |
| Dragonhawk Rider | 12 | |
40 total
» upgrades
| Lumber Harvesting | 1 | |
| Swords | 3 | |
| Masonry | 1 | |
| Cloud | 1 | |
| Animal War Training | 1 | |
| Armor | 2 | |
| Storm Hammers | 1 | |
10 total
» buildings
| Altar of Kings | 3 | |
| Barracks | 2 | |
| Farm | 7 | |
| Arcane Vault | 1 | |
| Keep | 5 | |
| Lumber Mill | 2 | |
| Scout Tower | 4 | |
| Gryphon Aviary | 3 | |
| Blacksmith | 1 | |
| Castle | 1 | |
| Guard Tower | 1 | |
| Town Hall | 3 | |
33 total
» build order
00:46 Altar of Kings
00:48 Barracks
00:53 Barracks
00:55 Altar of Kings
00:57 Altar of Kings
01:07 Farm
01:09 Farm
01:18 Farm
02:05 Farm
02:47 Arcane Vault
03:18 Keep
03:18 Keep
03:18 Keep
03:18 Keep
04:23 Lumber Mill
04:25 Scout Tower
06:40 Farm
06:41 Farm
07:35 Gryphon Aviary
07:35 Gryphon Aviary
07:36 Gryphon Aviary
07:41 Farm
07:44 Blacksmith
07:47 Castle
11:15 Scout Tower
11:15 Scout Tower
11:16 Scout Tower
12:02 Guard Tower
12:53 Lumber Mill
22:32 Town Hall
33:45 Town Hall
36:25 Town Hall
» items
| Scroll of Regeneration | 12 | |
| Boots of Speed | 1 | |
| Potion of Invisibility | 2 | |
| Staff of Teleportation | 1 | |
| Scroll of Town Portal | 6 | |
| Potion of Healing | 5 | |
27 total
team 2 (loser)

»
AGENT.NUBSTYX (
pink | 102 APM | 3657 actions | 35:54)
4 Death Knight
2 Death Coil
2 Unholy Aura
3 Lich
2 Frost Nova
1 Frost Armor
» actions
| Assign group hotkey | 21 | |
| Basic commands | 26 | |
| Build / train | 92 | |
| Enter build submenu | 20 | |
| Enter hero's abilities submenu | 8 | |
| Give item / drop item | 6 | |
| Remove unit from queue | 15 | |
| Right click | 1486 | |
| Select / deselect | 350 | |
| Select group hotkey | 1480 | |
| Use ability | 153 | |
3657 total
» units
| Acolyte | 5 | |
| Ghoul | 10 | |
| Gargoyle | 12 | |
| Obsidian Statue | 2 | |
29 total
» upgrades
| Unholy Strength | 1 | |
| Cannibalize | 1 | |
| Creature Attack | 2 | |
| Stone Form | 1 | |
| Ghoul Frenzy | 1 | |
6 total
» buildings
| Crypt | 3 | |
| Ziggurat | 7 | |
| Altar of Darkness | 2 | |
| Tomb of Relics | 1 | |
| Graveyard | 1 | |
| Halls of the Dead | 1 | |
| Spirit Tower | 4 | |
| Nerubian Tower | 2 | |
| Slaughterhouse | 1 | |
| Sacrificial Pit | 1 | |
| Black Citadel | 1 | |
| Necropolis | 1 | |
25 total
» build order
00:15 Crypt
00:20 Ziggurat
00:39 Altar of Darkness
00:57 Altar of Darkness
01:16 Ziggurat
01:43 Tomb of Relics
02:34 Graveyard
02:54 Ziggurat
05:17 Halls of the Dead
05:42 Ziggurat
05:50 Ziggurat
05:51 Spirit Tower
06:22 Crypt
06:25 Crypt
06:37 Ziggurat
07:09 Spirit Tower
09:01 Nerubian Tower
09:01 Nerubian Tower
10:21 Slaughterhouse
12:35 Sacrificial Pit
14:17 Black Citadel
16:00 Ziggurat
19:07 Spirit Tower
19:07 Spirit Tower
28:26 Necropolis
» items
| Rod of Necromancy | 8 | |
| Dust of Appearance | 6 | |
| Scroll of Town Portal | 2 | |
| Orb of Corruption | 1 | |
| Potion of Healing | 1 | |
| Boots of Speed | 2 | |
| Potion of Lesser Invulnerability | 2 | |
| Staff of Teleportation | 2 | |
24 total
TheAngryPenguin (
purple | 101 APM | 4470 actions | 44:25)
6 Death Knight
3 Death Coil
2 Unholy Aura
1 Animate Dead
5 Crypt Lord
3 Carrion Beetles
2 Spiked Carapace
3 Dreadlord
2 Sleep
1 Vampiric Aura
» actions
| Assign group hotkey | 34 | |
| Basic commands | 496 | |
| Build / train | 72 | |
| ESC pressed | 1 | |
| Enter build submenu | 17 | |
| Enter hero's abilities submenu | 14 | |
| Right click | 1403 | |
| Select / deselect | 591 | |
| Select group hotkey | 1778 | |
| Use ability | 64 | |
4470 total
» units
| Acolyte | 4 | |
| Ghoul | 3 | |
| Crypt Fiend | 22 | |
| Obsidian Statue | 2 | |
| Gargoyle | 6 | |
37 total
» upgrades
| Creature Attack | 3 | |
| Creature Carapace | 3 | |
| Web | 1 | |
| Burrow | 1 | |
8 total
» buildings
| Ziggurat | 10 | |
| Crypt | 2 | |
| Altar of Darkness | 1 | |
| Graveyard | 1 | |
| Nerubian Tower | 1 | |
| Spirit Tower | 5 | |
| Tomb of Relics | 1 | |
| Halls of the Dead | 1 | |
| Slaughterhouse | 1 | |
| Black Citadel | 1 | |
24 total
» build order
00:21 Ziggurat
00:31 Crypt
01:00 Altar of Darkness
01:22 Graveyard
01:36 Nerubian Tower
02:18 Ziggurat
03:20 Spirit Tower
03:34 Tomb of Relics
04:33 Ziggurat
05:26 Halls of the Dead
05:36 Spirit Tower
06:40 Ziggurat
08:40 Slaughterhouse
12:48 Ziggurat
12:53 Ziggurat
14:37 Ziggurat
14:38 Ziggurat
14:41 Ziggurat
15:15 Ziggurat
15:19 Black Citadel
15:40 Spirit Tower
15:42 Spirit Tower
15:44 Spirit Tower
33:32 Crypt
» items
| Rod of Necromancy | 1 | |
| Scroll of Town Portal | 1 | |
2 total

»
JIMMMMMMMMM (
yellow | 86 APM | 3349 actions | 38:51)
5 Demon Hunter
2 Mana Burn
3 Evasion
5 Naga Sea Witch
2 Frost Arrows
3 Forked Lightning
» actions
| Assign group hotkey | 104 | |
| Basic commands | 38 | |
| Build / train | 77 | |
| Enter build submenu | 25 | |
| Enter hero's abilities submenu | 10 | |
| Give item / drop item | 5 | |
| Right click | 1702 | |
| Select / deselect | 639 | |
| Select group hotkey | 542 | |
| Use ability | 207 | |
3349 total
» units
| Wisp | 22 | |
| Archer | 7 | |
| Dryad | 5 | |
| Mountain Giant | 1 | |
| Druid of the Claw | 8 | |
43 total
» upgrades
| Druid of the Claw Training | 2 | |
| Abolish Magic | 1 | |
| Mark of the Claw | 1 | |
| Reinforced Hides | 2 | |
| Well Spring | 1 | |
7 total
» buildings
| Moon Well | 6 | |
| Altar of Elders | 1 | |
| Ancient of War | 1 | |
| Hunter's Hall | 1 | |
| Tree of Ages | 1 | |
| Ancient of Wonders | 1 | |
| Ancient of Lore | 2 | |
| Tree of Eternity | 1 | |
| Tree of Life | 1 | |
| Ancient Protector | 9 | |
| Ancient of Wind | 1 | |
25 total
» build order
00:19 Moon Well
00:34 Altar of Elders
01:14 Ancient of War
01:29 Moon Well
02:26 Hunter's Hall
02:43 Moon Well
03:09 Tree of Ages
04:10 Ancient of Wonders
05:55 Ancient of Lore
05:58 Ancient of Lore
06:21 Moon Well
11:34 Tree of Eternity
22:28 Moon Well
22:31 Moon Well
24:21 Tree of Life
24:22 Ancient Protector
24:26 Ancient Protector
24:27 Ancient Protector
24:29 Ancient Protector
24:34 Ancient Protector
24:46 Ancient Protector
27:41 Ancient of Wind
30:09 Ancient Protector
31:00 Ancient Protector
31:09 Ancient Protector
» items
| Staff of Preservation | 1 | |
| Scroll of Town Portal | 4 | |
| Potion of Healing | 3 | |
| Orb of Venom | 1 | |
| Anti-magic Potion | 2 | |
| Staff of Teleportation | 2 | |
13 total
FOREST-GUMP (
red | 73 APM | 3258 actions | 44:25)
5 Mountain King
3 Storm Bolt
2 Bash
4 Paladin
2 Holy Light
2 Divine Shield
» actions
| Assign group hotkey | 42 | |
| Basic commands | 287 | |
| Build / train | 92 | |
| Enter build submenu | 25 | |
| Enter hero's abilities submenu | 9 | |
| Give item / drop item | 7 | |
| Right click | 1230 | |
| Select / deselect | 339 | |
| Select group hotkey | 1118 | |
| Use ability | 109 | |
3258 total
» units
| Peasant | 13 | |
| Footman | 9 | |
| Gryphon Rider | 11 | |
33 total
» upgrades
| Masonry | 3 | |
| Lumber Harvesting | 2 | |
| Animal War Training | 1 | |
| Swords | 2 | |
8 total
» buildings
| Altar of Kings | 1 | |
| Barracks | 1 | |
| Farm | 11 | |
| Scout Tower | 25 | |
| Arcane Tower | 2 | |
| Arcane Vault | 2 | |
| Keep | 3 | |
| Lumber Mill | 1 | |
| Guard Tower | 16 | |
| Castle | 2 | |
| Gryphon Aviary | 2 | |
| Blacksmith | 1 | |
| Town Hall | 1 | |
68 total
» build order
00:07 Altar of Kings
00:21 Barracks
00:37 Farm
00:52 Farm
01:37 Scout Tower
01:50 Farm
02:05 Arcane Tower
02:05 Arcane Tower
02:39 Arcane Vault
03:14 Keep
03:14 Keep
03:31 Farm
04:19 Lumber Mill
04:46 Scout Tower
04:47 Scout Tower
04:48 Scout Tower
05:21 Guard Tower
06:00 Guard Tower
06:05 Castle
06:05 Castle
06:16 Gryphon Aviary
06:55 Farm
06:58 Farm
06:58 Farm
08:03 Gryphon Aviary
08:43 Farm
08:43 Farm
09:49 Scout Tower
09:50 Scout Tower
09:51 Scout Tower
09:51 Scout Tower
10:32 Guard Tower
10:35 Scout Tower
10:35 Scout Tower
11:15 Guard Tower
11:16 Scout Tower
11:17 Scout Tower
11:17 Scout Tower
11:26 Farm
11:27 Farm
11:33 Blacksmith
11:49 Guard Tower
12:07 Scout Tower
12:07 Scout Tower
12:08 Scout Tower
12:48 Guard Tower
12:50 Guard Tower
14:54 Scout Tower
14:54 Scout Tower
14:55 Scout Tower
15:37 Guard Tower
15:38 Guard Tower
15:42 Guard Tower
16:07 Arcane Vault
17:46 Guard Tower
23:06 Town Hall
23:08 Scout Tower
23:08 Scout Tower
23:08 Scout Tower
23:09 Scout Tower
23:09 Scout Tower
23:45 Guard Tower
23:45 Guard Tower
» items
| Scroll of Regeneration | 2 | |
| Ivory Tower | 1 | |
| Scroll of Town Portal | 8 | |
| Staff of Teleportation | 1 | |
12 total
Chat log
(00:12 / Allies) Oshlt: sujir what rank are you
(00:12 / Allies) WoX: plan?
(00:56 / Allies) WoX: plan?
(01:01 / Allies) WoX: who goes mele?
(01:02 / Allies) SujiroKifuja: units ?
(01:09 / Allies) WoX: ill go bears or mg
(01:11 / Allies) SujiroKifuja: ill hunts that
(01:15 / All) FOREST-GUMP: BASEBALL SUCKS STUPID BORING ALL STAR GAME
(01:23 / Allies) LoveHateLove: gold?
(01:24 / Allies) LoveHateLove: Wood?
(01:28 / Allies) LoveHateLove: Gold and lumber, buds
(01:31 / Allies) LoveHateLove: Help the war effort
(01:52 / Allies) LoveHateLove: lumber buds?
(02:01 / All) FOREST-GUMP: f u niggers
(02:02 / Allies) Oshlt: we should rush
(02:06 / Allies) Oshlt: hunts and riflemen
(02:14 / Allies) LoveHateLove: I will only rush if I get 100 wood and 100 gold
(02:15 / Allies) WoX: aight
(02:27 / Allies) Oshlt: ill get pally aura
(02:31 / Allies) Oshlt: sumbody get potm
(02:32 / Allies) Oshlt: auira
(02:39 / Allies) WoX: i cant
(02:43 / Allies) WoX: dh
(03:37 / Allies) LoveHateLove: gold buds>?
(03:39 / Allies) LoveHateLove: lumber buds?
(03:39 / Allies) Oshlt: prob worst base
(03:46 / Allies) WoX: whos?
(04:28 / Allies) LoveHateLove: gold buds?
(04:33 / Allies) Oshlt: omg shut up
(04:37 / Allies) SujiroKifuja: ya
(04:59 / Allies) LoveHateLove: gold please buds?
(05:07 / Allies) LoveHateLove: I'm American
(05:31 / Allies) LoveHateLove: come coward
(05:45 / Allies) Oshlt: lets hit teal
(05:55 / Allies) SujiroKifuja: ya
(07:04 / Allies) SujiroKifuja: foots
(08:35 / Allies) WoX: ballists
(08:42 / Allies) LoveHateLove: hit purple
(09:22 / All) LoveHateLove: lol
(09:24 / All) LoveHateLove: nice mh
(09:48 / All) LoveHateLove: does he have a ward in his base
(09:51 / All) LoveHateLove: or is he mh
(10:01 / All) FOREST-GUMP: no
(10:07 / Allies) WoX: wtf
(10:54 / Allies) LoveHateLove: repair
(11:09 / Allies) WoX: wtf
(11:31 / Allies) Oshlt: wtf ar eyou doing noob
(11:43 / Allies) SujiroKifuja: some noobs can really cost the game
(11:46 / All) LoveHateLove: LOL
(11:52 / All) LoveHateLove: MH POS
(11:56 / Allies) SujiroKifuja: its amazes me
(11:59 / All) LoveHateLove: I'm reporting you pink
(12:16 / Allies) Oshlt: coming
(12:21 / Allies) LoveHateLove: We need to kill pink
(12:22 / Allies) LoveHateLove: he is a mher
(13:05 / Allies) SujiroKifuja: go
(13:10 / Allies) SujiroKifuja: otherwise the idiot will die
(13:18 / Allies) SujiroKifuja: what a noob
(13:21 / Allies) LoveHateLove: lol
(13:30 / Allies) LoveHateLove: I fucked up because was macroing typing etc
(13:33 / Allies) LoveHateLove: and pink pissed me off
(13:36 / Allies) LoveHateLove: he mhing
(13:49 / Allies) WoX: mh??
(13:51 / Allies) SujiroKifuja: mortars
(13:52 / Allies) SujiroKifuja: ...
(13:59 / All) LoveHateLove: wow
(14:40 / All) LoveHateLove: Pink I will harass blizzard till tehy ban your account for real
(15:12 / All) FOREST-GUMP: nigger pink
(15:13 / All) SujiroKifuja: thats enough noobness for me
(15:16 / All) SujiroKifuja: haras blizzard
(15:50 / Allies) Oshlt: gren are you just gonna sit in your base the whole game
(15:57 / Allies) LoveHateLove: Shut the fuck and watch replay
(16:14 / Allies) LoveHateLove: pink is mhing retard
(16:40 / All) LoveHateLove: you're so obvious about it too
(17:20 / Allies) Oshlt: idc if he map hacks
(17:22 / Allies) Oshlt: i pwn them daily
(17:26 / Allies) LoveHateLove: He stopped my invis BM harass idiot
(17:35 / Allies) LoveHateLove: then he cuts me off he knows exactly What I'm doing
(17:37 / Allies) LoveHateLove: I couldn't expand
(17:46 / Allies) Oshlt: me and teal are holding 3 ppl down here
(17:48 / Allies) LoveHateLove: hit top right
(17:50 / Allies) LoveHateLove: kill pink
(18:15 / Allies) Oshlt: he has alot of towers
(18:48 / Allies) LoveHateLove: hit pink
(19:21 / Allies) Oshlt: u better have cloud noob
(19:25 / Allies) LoveHateLove: getting it now lol
(20:09 / Allies) Oshlt: im out
(20:22 / Allies) Oshlt: we go again
(20:23 / Allies) Oshlt: i have tyanks
(20:26 / Allies) LoveHateLove: look at that
(20:36 / Allies) Oshlt: \hes just running aroudn dude
(20:43 / Allies) LoveHateLove: Watch replay you pos
(20:50 / Allies) Oshlt: dude larn to play
(20:54 / Allies) Oshlt: i see saw him runing
(20:57 / Allies) LoveHateLove: YES
(20:59 / Allies) LoveHateLove: FUCKINMG IDIOPT
(21:04 / Allies) LoveHateLove: I'm about to tk you dude
(21:06 / Allies) LoveHateLove: you're pissing me off
(21:21 / Allies) LoveHateLove: he knew I was up there
(21:26 / Allies) LoveHateLove: he went even before battle was over
(21:42 / Allies) Oshlt: we need mele
(22:30 / All) FOREST-GUMP: we got this
(22:46 / Allies) LoveHateLove: blue it's so funny because you complained about mh
(22:48 / Allies) LoveHateLove: when I beat you before
(22:52 / Allies) LoveHateLove: when |I didn't even have it
(22:57 / Allies) LoveHateLove: just used goblin lab to reveal island expo
(23:03 / Allies) LoveHateLove: I need to heal
(23:29 / Allies) SujiroKifuja: lol
(23:53 / Allies) Oshlt: i need expo
(24:01 / All) SujiroKifuja: wtf?
(24:02 / Allies) Oshlt: fuck focus
(24:06 / All) FOREST-GUMP: stay
(24:19 / Allies) Oshlt: wait
(24:24 / All) FOREST-GUMP: protect me
(24:36 / Allies) Oshlt: gogog
(25:39 / Allies) SujiroKifuja: they won
(25:54 / Allies) Oshlt: due to our dumb ass gren
(26:03 / All) Oshlt: fucking greens a noob ass
(26:05 / All) LoveHateLove: Blue is such a hypocritical faggot
(26:12 / All) LoveHateLove: He complained about MH against me
(26:19 / All) LoveHateLove: Because I revealed with goblin lab in a game about month ago
(26:21 / All) Oshlt: dude that kid sucked dick
(26:25 / All) LoveHateLove: now pink legit has mh
(26:35 / All) LoveHateLove: but I need to learn how to play
(26:48 / All) Oshlt: first of all learn to harass more
(26:49 / All) LoveHateLove: he was holding 3 players!!1!
(26:51 / All) LoveHateLove: lol
(26:51 / All) Oshlt: then dont mass fucking air
(26:55 / All) Oshlt: against 2 undead
(26:56 / All) LoveHateLove: how can I harass idiot?
(26:58 / All) LoveHateLove: He has MH
(27:08 / All) Oshlt: if he has a map hack o well
(27:12 / All) Oshlt: its called out playing him
(27:17 / All) JIMMMMMMMMM: u guys talking to us?
(27:25 / All) LoveHateLove: you are such a retard
(27:27 / All) Oshlt: this kid is rtarded
(27:31 / All) LoveHateLove: He moves his acos
(27:36 / All) LoveHateLove: whjen I got to invis harass
(27:59 / All) TheAngryPenguin: EEEK
(28:05 / All) Oshlt: dude there is a reason i am 13+
(28:08 / All) Oshlt: In rt
(28:12 / All) Oshlt: i know how to play
(28:27 / All) LoveHateLove: Why do you complain about MH when it directly effects you|
(28:36 / All) LoveHateLove: I will link you a replay where I raped THE FUCK out of you
(28:42 / All) Oshlt: dude u act like you have never played against one before
(28:44 / All) LoveHateLove: and then you complained about MH because I hit an island expo
(29:14 / All) LoveHateLove: It directly fucked my strategy idiot
(29:22 / All) LoveHateLove: you seem like a 90 IQ cretin
(33:06 / All) FOREST-GUMP: WE GOT THIS
(33:09 / All) FOREST-GUMP: stupid pink llolz
(33:48 / All) TheAngryPenguin: EEEK
(33:55 / All) AGENT.NUBSTYX: pupr
(33:58 / All) AGENT.NUBSTYX: make gargs dammit
(34:42 / All) FOREST-GUMP: i aint an amatuer
(34:43 / All) FOREST-GUMP: lolz
(36:15 / All) TheAngryPenguin: ahhh shit
(36:16 / All) FOREST-GUMP: out yellow and purple
(36:17 / All) TheAngryPenguin: well gg
(36:18 / All) FOREST-GUMP: ur time has come
(36:28 / All) FOREST-GUMP: next time pay attention more faggot purple
(36:31 / All) FOREST-GUMP: pink was maphacking
(36:34 / All) FOREST-GUMP: u kill maphackers
(36:47 / All) LoveHateLove: Blue was talking retarded shit
(36:57 / All) LoveHateLove: it's so funny because I have a replay uploaded on highper.ch where he whines about me mhing
(37:06 / All) JIMMMMMMMMM: we had bser on our team all game
(37:08 / All) JIMMMMMMMMM: and i let him bs
(37:15 / All) FOREST-GUMP: man up
(37:16 / All) FOREST-GUMP: yellow
(37:17 / All) FOREST-GUMP: u lost
(37:19 / All) LoveHateLove: yeah well you had a mher too
(37:20 / All) FOREST-GUMP: admit defeat
(37:26 / All) JIMMMMMMMMM: lost 2v5
(37:33 / All) FOREST-GUMP: no u didnt lolz
(37:43 / All) FOREST-GUMP: u and purple kept running like little bitches from hunts
(37:54 / All) JIMMMMMMMMM: we raped while u sat in your base crying
(37:59 / All) JIMMMMMMMMM: if u payed attention
(38:05 / All) JIMMMMMMMMM: and pink owned a main
(38:11 / All) JIMMMMMMMMM: while u sat in base crying like a nerd
(38:18 / All) FOREST-GUMP: do u not understan dyellow
(38:21 / All) FOREST-GUMP: u have been hoaxed
(38:22 / All) FOREST-GUMP: idiot
(38:37 / All) FOREST-GUMP: i had to stab early cuz pink was gonna hit green
(39:52 / All) LoveHateLove: Blue whining about mh: http://highper.ch/tower%20rush%20comeback
(39:54 / All) FOREST-GUMP: this game would have been a lot easier if ur stupid team stayed away from my base
(40:11 / All) FOREST-GUMP: and if pink didnt mh
(42:21 / All) FOREST-GUMP: i hate my internet so much i right click on a spot and my units go there 2 seconds later
(42:56 / All) FOREST-GUMP: u sure pink was maphacking i wasnt watching that side of map
(43:00 / All) LoveHateLove: 100%
(43:03 / All) LoveHateLove: watch replay
(43:14 / All) FOREST-GUMP: he used dust to see ur shit?
(43:17 / All) LoveHateLove: he knew where I was going
(43:26 / All) LoveHateLove: No
(43:36 / All) LoveHateLove: watch replay
(43:41 / All) LoveHateLove: it's not debateable
(44:00 / All) FOREST-GUMP: yellow was feeding purple fo rgargs
(44:12 / All) FOREST-GUMP: his dumbass made an expo instead of defending my expo
(44:20 / All) LoveHateLove: selfish players